 Dungeon Crawl Stone Soup version 0.27-a0-1200-g94dc6ad4cf (webtiles) character file.

Game seed: 12482230829314211915

8 polve the Slasher (level 2, 0/24 HPs)
             Began as a Demonspawn Berserker on May 31, 2021.
             Was a Follower of Trog.
             Slain by a jackal (2 damage)
             ... on level 1 of the Dungeon.
             The game lasted 00:00:11 (279 turns).

polve the Slasher (Demonspawn Berserker)             Turns: 279, Time: 00:00:12

Health: 0/24       AC:  2    Str: 17    XL:     2   Next: 0%
Magic:  2/2        EV: 12    Int:  8    God:    Trog [*.....]
Gold:   0          SH:  0    Dex: 12    Spells: 1/1 levels left

rFire    . . .     SeeInvis .   a - +0 falchion
rCold    . . .     Faith    .   (no shield)
rNeg     . . .     Spirit   .   b - +0 animal skin
rPois    .         Reflect  .   (no helmet)
rElec    .         Harm     .   (no cloak)
rCorr    .         Rampage  .   (no gloves)
Will     .....                  (no boots)
Stlth    +.........             (no amulet)
HPRegen  0.08/turn              (no ring)
MPRegen  0.08/turn              (no ring)

@: on berserk cooldown, slowed, very slow
A: demonic magic 1
a: Renounce Religion, Berserk


You were on level 1 of the Dungeon.
You worshipped Trog.
Trog was aware of your devotion.
You visited 1 branch of the dungeon, and saw 1 of its levels.

Inventory:

Hand Weapons
 a - a +0 falchion (weapon)
Armour
 b - a +0 animal skin (worn)
Scrolls
 c - a scroll of teleportation {unknown}


   Skills:
 - Level 3.0 Fighting
 + Level 3.2 Long Blades
 - Level 1.7 Armour
 - Level 1.7 Dodging


You had one spell level left.
You didn't know any spells.
Your spell library was empty.

Dungeon Overview and Level Annotations

Branches:
Dungeon (1/15)

Altars:


Innate Abilities, Weirdness & Mutations

Spells you cast may paralyse adjacent enemies.


Message History

Trog accepts your kill. The jackal bites you. The jackal closely misses you.
You riposte.
You barely miss the jackal.
You have reached level 2!
Your demonic ancestry asserts itself...
A menacing aura infuses your magic.
You are too injured to fight recklessly!
You are too injured to fight recklessly!
You are too injured to fight recklessly!
You are too injured to fight recklessly!
You are too injured to fight recklessly!
The jackal barely misses you. The jackal bites you.
You feel a strong urge to attack something.
The jackal closely misses you. The jackal bites you. The jackal bites you.
The jackal closely misses you.
You feel your anger nearly subside.
You are no longer berserk.
You are exhausted.
You feel yourself slow down. The jackal closely misses you.
You riposte.
You closely miss the jackal.
The jackal pauses to sniff the ground.
The jackal misses you. The jackal closely misses you.
The jackal barely misses you. The jackal closely misses you.
You riposte.
You closely miss the jackal. The jackal barely misses you.
The jackal barely misses you. The jackal bites you.
The jackal closely misses you.
You riposte.
You hit the jackal.
The jackal is heavily wounded.
The jackal bites you. The jackal barely misses you. The jackal bites you. x3
The jackal bites you. The jackal completely misses you.
The jackal closely misses you. The jackal bites you.
The jackal bites you but does no damage.
The jackal bites you.
* * * LOW HITPOINT WARNING * * *
The jackal misses you. The jackal bites you.
* * * LOW HITPOINT WARNING * * *
The jackal bites you.
* * * LOW HITPOINT WARNING * * *
The jackal bites you.
You die...

#.!. #. #...# . .
#...# .#.. #...#
..... #^..####..#..
#...........# ###
#........... #.###
#...@†....# ..#...
#####..hh...... #.#
#.. #.............#
.#
#.###.###.#...#.#.#
## ##....#
#......[# # .##
##..#### #.......#
#÷###...# ##.##)#.#
#..#....# ... .#.#
#....##.# .## #


You could see 2 jackals.

Vanquished Creatures
  An endoplasm (D:1)
  3 hobgoblins (D:1)
  2 jackals (D:1)
6 creatures vanquished.

Notes
Turn   | Place    | Note
-------+----------+-------------------------------------------
     0 | D:1      | polve the Demonspawn Berserker began the quest for the Orb.
     0 | D:1      | Reached XP level 1. HP: 18/18 MP: 1/1
   270 | D:1      | Gained mutation: Spells you cast may paralyse adjacent
                  | enemies. [demonic ancestry]
   270 | D:1      | Reached XP level 2. HP: 24/24 MP: 2/2
   279 | D:1      | Slain by a jackal

Illustrated notes

Levels and vault maps discovered:
D:1:      saegor_arrival_miasma, layout_loops_cross, dk_noncrumbling_2

Skill      XL: |  1 |
---------------+----+-----
Long Blades    | 3 |  3.2
Fighting       | |  3.0
Armour         | |  1.7
Dodging        | |  1.7

Action                   || total
-------------------------++-------
Melee: Falchion          ||    11
Invok: Berserk           ||     1
Armor: Animal skin       ||     3
Dodge: Dodged            ||    25
       Rpst.: Falchion   ||     9

Table legend: (Time is in decaauts)
 A = Elapsed time spent in this place.
 B = Non-inter-level travel time spent in this place.
 C = Inter-level travel time spent in this place.
 D = Time resting spent in this place.
 E = Time spent auto-exploring this place.
 F = Levels seen in this place.
 G = Mean time per level.
                   A        B        C        D        E       F      G
               +--------+--------+--------+--------+--------+-----+--------+
         Total |    280 |    280 |      0 |      0 |    242 |   1 |  280.0 |
       Dungeon |    280 |    280 |      0 |      0 |    242 |   1 |  280.0 |
               +--------+--------+--------+--------+--------+-----+--------+

Top non-repeatable levels by time:
     D:1: 280 daAuts
